 Dungeon Crawl Stone Soup version 0.32-a0-913-g739538afd8 (webtiles) character file.

Game seed: 16068617485141686947

140 Biggs the Shooter (level 5, 0/38 HPs)
             Began as a Coglin Hunter on Apr 7, 2024.
             Slain by an orc wizard
             ... wielding a +0 dagger
              (2 damage)
             ... on level 2 of the Dungeon.
             The game lasted 00:03:39 (1393 turns).

Biggs the Shooter (Coglin Hunter)                   Turns: 1393, Time: 00:03:39

Health: 0/38       AC:  3    Str: 11    XL:     5   Next: 22%
Magic:  5/5        EV: 11    Int:  8    God:
Gold:   163        SH:  0    Dex: 20    Spells: 4/4 levels left

rFire   . . .        a - +2 sling {Titus}
rCold   . . .        d - +0 sling {Eunkyung}
rNeg    . . .        c - +0 leather armour
rPois   .            (no helmet)
rElec   .            (no cloak)
rCorr   .            (no gloves)
SInv    .            (no boots)
Will    .....        (amulet unavailable)
Stlth   ++           (ring unavailable)
HPRegen 0.26/turn    (ring unavailable)
MPRegen 0.09/turn    (no gizmo)

%: no passive effects
@: revving
A: off-hand wielding, slow wielding, warmup strikes, no jewellery
a: Invent Gizmo


You were on level 2 of the Dungeon.
You visited 1 branch of the dungeon, and saw 3 of its levels.

You collected 163 gold pieces.

Inventory:

Hand Weapons
 a - a +2 sling (weapon) {Titus}
 d - a +0 sling (offhand) {Eunkyung}
Armour
 c - a +0 leather armour (worn)
Talismans
 e - a talisman of death
Scrolls
 b - a scroll of butterflies
 f - 2 scrolls of identify {unknown}
 g - 2 scrolls of teleportation {unknown}
 h - 2 scrolls of blinking {unknown}
 j - a scroll of summoning {unknown}
 m - 2 scrolls of immolation {unknown}
 n - 2 scrolls of fear {unknown}
Potions
 i - a potion of attraction {unknown}
 k - a potion of brilliance {unknown}
 l - a potion of haste {unknown}
 o - a potion of curing {unknown}


   Skills:
 - Level 2.0 Fighting
 + Level 5.8 Ranged Weapons
 - Level 1.7 Dodging
 - Level 0.7 Stealth


You had 4 spell levels left.
You didn't know any spells.
Your spell library was empty.

Dungeon Overview and Level Annotations

Branches:
Dungeon (3/15)

Altars:


Innate Abilities, Weirdness & Mutations

You can wield a second weapon in your off-hand.
It takes a long time for you to wield or remove held weapons.
Your first few attacks do less damage.
You cannot equip rings or amulets.


Message History

The sling bullet closely misses the orc priest.
The sling bullet hits the orc.
The orc is lightly wounded.
You shoot a sling bullet.
The sling bullet closely misses the orc priest.
The orc priest shouts, "The Pantheon deserves no one's loyalty.
Let us show you the true path!" x2
The orc wizard hits you with a +0 dagger.
The orc wizard hits you but does no damage.
Something hits you but does no damage.
You climb upwards.
Reactivating autopickup.
There is a stone staircase leading down here.
Unknown command.
You shoot a sling bullet.
The sling bullet barely misses the orc wizard.
You shoot a sling bullet.
The sling bullet barely misses the orc wizard.
Something hits you.
Deactivating autopickup; reactivate with Ctrl-A.
The orc wizard hits you with a +0 dagger.
You shoot a sling bullet.
The sling bullet barely misses the orc wizard.
You shoot a sling bullet. The sling bullet hits the orc wizard.
You kill the orc wizard!
Something hits you. x2
* * * LOW HITPOINT WARNING * * *
Unknown command.
Something hits you.
* * * LOW HITPOINT WARNING * * *
Something hits you.
* * * LOW HITPOINT WARNING * * *
Unknown command.
You shoot a sling bullet. x2; Something hits you.
* * * LOW HITPOINT WARNING * * *
You shoot a sling bullet. x2; Something hits you.
* * * LOW HITPOINT WARNING * * *
You shoot a sling bullet. x2; Something hits you.
* * * LOW HITPOINT WARNING * * *
You shoot a sling bullet. x2; Something hits you.
You die...

############.# #.# #.#
#............# #.# #.#
#.##########.# #.# #.# #.# #.#
#.# ###.# #####.# #.# #.# #....
#.....# #.# #.####.... #.#####
###)### #......... .....# #...>.#
######.... .....#
##..@..##########....
.....########..................#.
...............>..)..............
.....####..............#####...##
.....# #.....##.......# #...#
.....####.....####.....# #...#
.#...........## #.....# #...#
#.##########.# ###########...##
### #.# #...............


There were no monsters in sight!

Vanquished Creatures
  A scorpion (D:2)
  An orc wizard (D:2)
  A gnoll (D:1)
  An adder (D:2)
  2 endoplasms
  4 goblins (D:1)
  4 hobgoblins
  4 jackals (D:1)
  3 quokkas (D:1)
  4 ball pythons
  4 bats (D:1)
  A frilled lizard (D:1)
  4 kobolds
  6 rats
40 creatures vanquished.

Notes
Turn   | Place    | Note
-------+----------+-------------------------------------------
     0 | D:1      | Biggs the Coglin Hunter began the quest for the Orb.
     0 | D:1      | Reached XP level 1. HP: 16/16 MP: 1/1
    84 | D:1      | Reached skill level 4 in Ranged Weapons
    84 | D:1      | Reached XP level 2. HP: 22/22 MP: 2/2
   318 | D:1      | Found a faded altar of an unknown god.
   323 | D:1      | Reached XP level 3. HP: 27/27 MP: 3/3
   813 | D:2      | Identified the ring "Citax" {rN++ rCorr MP+9 Str+3}
   838 | D:2      | Noticed a scorpion
   846 | D:2      | Killed a scorpion
   847 | D:2      | Reached skill level 5 in Ranged Weapons
   847 | D:2      | Reached XP level 4. HP: 12/33 MP: 4/4
  1222 | D:2      | Reached XP level 5. HP: 36/38 MP: 5/5
  1281 | D:2      | Identified the +1 ring mail of Bitterness {Harm rC- Slay+3}
  1393 | D:2      | Slain by an orc wizard

Illustrated notes

Levels and vault maps discovered:
D:1:      matt_arrival_debris, layout_basic,
          hellmonk_ecumenical_altar_inner_sanctum
D:2:      layout_loops_ring, minmay_rat_gold_closets
D:3:      layout_loops_corners, lemuel_blue_sif_altar,
          mainiacjoe_overflow_chevrons

Skill      XL: |  1  2  3 |
---------------+----------+-----
Ranged Weapons | 4 5 |  5.8
Fighting       | |  2.0
Dodging        | |  1.7
Stealth        | |  0.7

Action                     |  1- 3 |  4- 6 || total
---------------------------+-------+-------++-------
   Fire: Sling             |   146 |    44 ||   190
 Armour: Leather armour    |    10 |    23 ||    33
  Dodge: Dodged            |     9 |     2 ||    11

Table legend: (Time is in decaauts)
 A = Elapsed time spent in this place.
 B = Non-inter-level travel time spent in this place.
 C = Inter-level travel time spent in this place.
 D = Time resting spent in this place.
 E = Time spent auto-exploring this place.
 F = Levels seen in this place.
 G = Mean time per level.
                   A        B        C        D        E       F      G
               +--------+--------+--------+--------+--------+-----+--------+
         Total |   1412 |   1348 |     64 |      0 |   1145 |   3 |  470.7 |
       Dungeon |   1412 |   1348 |     64 |      0 |   1145 |   3 |  470.7 |
               +--------+--------+--------+--------+--------+-----+--------+

Top non-repeatable levels by time:
     D:2: 794 daAuts
     D:1: 604 daAuts
     D:3: 13 daAuts
